 Dungeon Crawl Stone Soup version 0.21.0-24-g2553a33 (webtiles) character file.

15 tidbits the Summoner (level 2, 7/26 HPs)
             Began as a Gnoll Wanderer on Jan 19, 2018.
             Quit the game on level 3 of the Dungeon.
             The game lasted 00:02:52 (331 turns).

tidbits the Summoner (Gnoll Wanderer)                Turns: 331, Time: 00:02:52

Health: 7/26       AC:  2    Str: 12    XL:     2   Next: 50%
Magic:  3/3        EV: 11    Int: 17    God:
Gold:   43         SH:  0    Dex: 13    Spells: 1/1 levels left

rFire    . . .     SeeInvis .   d - +0 dagger
rCold    . . .     Gourm    .   (no shield)
rNeg     . . .     Faith    .   f - +0 robe
rPois    .         Spirit   .   (no helmet)
rElec    .         Reflect  .   (no cloak)
rCorr    .         Harm     .   (no gloves)
MR       .....                  (no boots)
Stlth    +.........             (no amulet)
HPRegen  0.08/turn              (no ring)
MPRegen  0.08/turn              (no ring)

@: hasted, very quick
A: distributed training, fangs 1, strong nose
a: no special abilities


You were on level 3 of the Dungeon.
You were completely stuffed.

You visited 1 branch of the dungeon, and saw 3 of its levels.

You collected 43 gold pieces.

Inventory:

Hand Weapons
 d - a +0 dagger (weapon)
Missiles
 k - 6 tomahawks (quivered)
Armour
 e - a +0 ring mail
 f - a +0 robe (worn)
 i - a cursed +0 plate armour
Scrolls
 b - a scroll of remove curse {unknown}
 g - a scroll of teleportation {unknown}
 h - a scroll of magic mapping {unknown}
 j - a scroll of amnesia {unknown}
Books
 a - a book of Minor Magic

   Spells                             Type                      Level
   a - Magic Dart                     Conjuration                  1
   b - Blink                          Translocation                2
   c - Call Imp                       Summoning                    2
   d - Slow                           Hexes                        2
   e - Conjure Flame                  Conjuration/Fire             3
   f - Mephitic Cloud                 Conjuration/Poison/Air       3
Comestibles
 c - a ration


   Skills:
 + Level 4.5 Fighting
 + Level 0.4 Short Blades
 + Level 0.4 Long Blades
 + Level 0.4 Axes
 + Level 0.4 Maces & Flails
 + Level 0.4 Polearms
 + Level 0.4 Staves
 + Level 0.4 Slings
 + Level 0.4 Bows
 + Level 0.4 Crossbows
 + Level 2.5 Throwing
 + Level 2.5 Armour
 + Level 0.4 Dodging
 + Level 0.4 Stealth
 + Level 0.4 Shields
 + Level 0.4 Unarmed Combat
 + Level 0.4 Spellcasting
 + Level 0.2 Conjurations
 + Level 0.2 Hexes
 + Level 0.2 Charms
 + Level 8.7 Summonings
 + Level 0.2 Necromancy
 + Level 0.2 Translocations
 + Level 0.2 Transmutations
 + Level 0.2 Fire Magic
 + Level 0.2 Ice Magic
 + Level 0.2 Air Magic
 + Level 0.2 Earth Magic
 + Level 0.2 Poison Magic
 + Level 0.5 Invocations
 + Level 2.5 Evocations


You had one spell level left.
You didn't know any spells.

Dungeon Overview and Level Annotations

Branches:
Dungeon (3/15)

Altars:
Dithmenos
Zin

Shops:
D:2 *


Innate Abilities, Weirdness & Mutations

Your experience applies equally to all skills.
You have very sharp teeth.
Your uncanny sense of smell can sniff out nearby items.


Message History

Wield which item (- for none, * to show all)? (? for menu, Esc to quit)
That's the wrong kind of item! (Use * to select it.) Wield which item (- for none, * to show all)? (? for menu, Esc to quit)
Okay, then.
Unknown command.
Wield which item (- for none, * to show all)? (? for menu, Esc to quit)
Okay, then.
A frilled lizard comes into view.
A rat comes into view.
Found a glowing silver altar of Zin.
The helpless rat fails to defend itself.
You hit the rat.
You kill the rat!
Found Zin's Purification Station.
A leopard gecko comes into view.
You miss the leopard gecko. The leopard gecko closely misses you.
You closely miss the leopard gecko. The leopard gecko closely misses you.
You hit the leopard gecko.
The leopard gecko is moderately wounded.
The leopard gecko bites you.
* * * LOW HITPOINT WARNING * * *
You miss the leopard gecko.
The leopard gecko is moderately wounded.
The leopard gecko completely misses you.
The leopard gecko bites you but does no damage.
You barely miss the leopard gecko.
The leopard gecko is moderately wounded.
The leopard gecko bites you.
* * * LOW HITPOINT WARNING * * *
You barely miss the leopard gecko.
The leopard gecko is moderately wounded.
The leopard gecko closely misses you.
You closely miss the leopard gecko. Your bite misses the leopard gecko.
The leopard gecko is moderately wounded.
The leopard gecko misses you.
You hit the leopard gecko.
The leopard gecko is almost dead.
The leopard gecko barely misses you.
You hit the leopard gecko.
You kill the leopard gecko!
You see here a leopard gecko corpse.
There is an entrance to Zin's Purification Station here.
Found a ration.
You see here a ration.
You eat the ration.
That ration really hit the spot!
Found 6 tomahawks.
You see here 6 tomahawks.
k - 6 tomahawks A goblin and a hobgoblin come into view.
The goblin shouts!
You hear an angry hiss.
The hobgoblin shouts!
You hear a shout!
Found 16 arrows.
The frilled lizard hisses angrily.
The frilled lizard completely misses you.
You hit the frilled lizard.
The frilled lizard is heavily wounded.
The frilled lizard bites you.
* * * LOW HITPOINT WARNING * * *
You hit the frilled lizard but do no damage.
The frilled lizard is heavily wounded.
The frilled lizard bites you.
* * * LOW HITPOINT WARNING * * *
You hit the frilled lizard.
You kill the frilled lizard!
You see here a frilled lizard corpse.
Found a shadowy altar of Dithmenos.
A kobold comes into view.
A giant cockroach comes into view.
Found 19 gold pieces.
You see here 11 gold pieces.
You now have 43 gold pieces (gained 11).
The giant cockroach bites you.
* * * LOW HITPOINT WARNING * * *
The goblin hits you.
* * * LOW HITPOINT WARNING * * *
The giant cockroach bites you.
* * * LOW HITPOINT WARNING * * *
The giant cockroach completely misses you.
The giant cockroach waves its antennae.
It was a potion of haste.
You feel yourself speed up. The giant cockroach closely misses you.
Found a plate armour.
You see here a plate armour.
i - a plate armour
Found a stone staircase leading down.
Found a stone staircase leading down.
There is a stone staircase leading down here.
You climb downwards.
There is a stone staircase leading up here.
Unknown command.
Unknown command.
Found 24 stones.
Found a stone staircase leading down.
An adder comes into view.
A bat comes into view.
The adder hisses angrily.
The bat moves out of view.
Found 27 bolts.
The bat hits you.
* * * LOW HITPOINT WARNING * * *
Are you sure you want to abandon this character and quit the game? (Confirm with "yes".)

∆ ∆ ###
..# ## #.#
.. #.# .#
#<# ..#
#.####...#
#..@b(...#
###..S...#
#.####>#
..# # (###
#. . .. ..


You could see an adder and a bat.

Vanquished Creatures
  2 leopard geckos
  A goblin (D:1)
  A hobgoblin (D:2)
  3 jackals (D:1)
  A kobold (D:1)
  A bat (D:2)
  A frilled lizard (D:2)
  2 rats
12 creatures vanquished.

Notes
Turn   | Place    | Note
-------+----------+-------------------------------------------
     0 | D:1      | tidbits the Gnoll Wanderer began the quest for the Orb.
     0 | D:1      | tidbits set off with: a book of Minor Magic, a potion of lignification, a +0 robe, a +0 dagger, a ration
     0 | D:1      | Reached XP level 1. HP: 20/20 MP: 2/2
    22 | D:1      | Reached XP level 2. HP: 26/26 MP: 3/3
   160 | D:2      | Found a faded altar of an unknown god.
   205 | D:2      | Found a glowing silver altar of Zin.
   210 | D:2      | Found Zin's Purification Station.
   272 | D:2      | Found a shadowy altar of Dithmenos.
   331 | D:3      | Quit the game

Action                   || total
-------------------------++-------
Melee: Unarmed           ||    16
       Dagger            ||    35
       Bite              ||     1
  Use: Potion            ||     2
 Stab: Sleeping          ||     1
  Eat: Ration            ||     2
Armor: Skin              ||    16
       Robe              ||     6
Dodge: Dodged            ||    27

Table legend:
 A = Turns spent in this place as a percentage of turns spent in the entire game.
 B = Non-inter-level travel turns spent in this place as a percentage of non-inter-level travel turns spent in the entire game.
 C = Inter-level travel turns spent in this place as a percentage of turns spent in this place.
 D = Turns resting spent in this place as a percentage of non-inter-level travel turns spent in this place.
 E = Turns spent auto-exploring this place as a percentage of non-inter-level travel turns spent in this place.
 F = Non-inter-level travel turns spent in this place divided by the number of levels of this place that you've seen.
                   A       B       C       D       E      F
               +-------+-------+-------+-------+-------+----------------------
         Total | 100.0 | 100.0 |   0.0 |   0.0 |   0.0 | 110.3
       Dungeon | 100.0 | 100.0 |   0.0 |   0.0 |   0.0 | 110.3
               +-------+-------+-------+-------+-------+----------------------

Table legend:
 A = Kills in this place as a percentage of kills in entire the game.
 B = Kills by you in this place as a percentage of kills by you in the entire game.
 C = Kills by friends in this place as a percentage of kills by friends in the entire game.
 D = Other kills in this place as a percentage of other kills in the entire game.
 E = Experience gained in this place as a percentage of experience gained in the entire game.
 F = Experience gained in this place divided by the number of levels of this place that you have seen.
                   A       B       C       D       E      F
               +-------+-------+-------+-------+-------+----------------------
         Total | 100.0 | 100.0 |   N/A |   N/A | 100.0 |   7.3
       Dungeon | 100.0 | 100.0 |   N/A |   N/A | 100.0 |   7.3
               +-------+-------+-------+-------+-------+----------------------

Vault maps used:
D:1:      dpeg_arrival_simpleton_c, minmay_misc_feat_rugged
D:2:      zin_purify, grunt_dithmenos_smoke_and_mirrors,
          chequers_ecumenical_altar_simple, first_ration, chequers_big_river,
          grunt_decor_cap
D:3:      minmay_misc_feat_cross
